 Dungeon Crawl Stone Soup version 0.28-a0-476-g0f06bd746f (webtiles) character file.

Game seed: 18124458378775562356

6296 Squid the Thrower (level 10, -2/83 HPs)
             Began as a Minotaur Berserker on Sept 16, 2021.
             Was an Elder of Trog.
             Killed from afar by an electric eel (9 damage)
             ... with a bolt of electricity
             ... in a bailey.
             The game lasted 00:22:01 (9732 turns).

Squid the Thrower (Minotaur Berserker)              Turns: 9732, Time: 00:22:02

Health: -2/83      AC: 18    Str: 31    XL:     10   Next: 63%
Magic:  9/9        EV:  9    Int:  4    God:    Trog [****..]
Gold:   517        SH:  0    Dex: 10    Spells: 9/9 levels left

rFire   + . .      SeeInvis .   b - +6 mace
rCold   . . .      Faith    .   (no shield)
rNeg    . . .      Spirit   .   n - +2 plate armour {rF+}
rPois   +          Reflect  .   (helmet restricted)
rElec   .          Harm     .   g - scarf {+Inv}
rCorr   .          Rampage  .   k - +1 pair of gloves
Will    ++...                   (no boots)
Stlth   ..........              (no amulet)
HPRegen 1.23/turn               e - +6 ring of strength
MPRegen 0.11/turn               (no ring)

@: strong-willed, regenerating
A: horns 2, retaliatory headbutt, hooves 1, poison resistance
a: Renounce Religion, Evoke Invisibility, Berserk, Trog's Hand, Brothers in Arms


You were in a bailey.
You worshipped Trog.
Trog was greatly pleased with you.
You visited 1 branch of the dungeon, and saw 9 of its levels.
You also visited: Bailey.

You collected 517 gold pieces.

Inventory:

Hand Weapons
 b - a +6 mace (weapon)
Missiles
 p - a boomerang (quivered)
Armour
 g - a scarf of invisibility (worn)
 k - a +1 pair of gloves (worn)
 n - a +2 plate armour of fire resistance (worn)
Jewellery
 e - a +6 ring of strength (left hand)
Wands
 a - a wand of acid (4)
 o - a wand of iceblast (12)
 q - a wand of digging (4)
 y - a wand of flame (40)
Scrolls
 d - a scroll of fear
 h - a scroll of magic mapping
 j - a scroll of fog
 r - 4 scrolls of identify
 s - 2 scrolls of teleportation
Potions
 c - 2 potions of lignification
 f - a potion of haste
 i - 3 potions of degeneration {unknown}
 l - a potion of cancellation
 m - a potion of magic


   Skills:
 + Level 5.9 Fighting
 + Level 7.0 Maces & Flails
 + Level 12.6 Throwing
 + Level 8.7 Armour
 - Level 3.0 Dodging


You had 9 spell levels left.
You didn't know any spells.
Your spell library was empty.

Dungeon Overview and Level Annotations

Branches:
Dungeon (9/15)             Temple (0/1) D:6            Lair (0/6) D:8
 Bailey (1/1)
    Orc: D:9-12

Altars:
Dithmenos
Hepliaklqana
Kikubaaqudgha
Qazlal
Trog


Innate Abilities, Weirdness & Mutations

You have a pair of horns on your head.
You reflexively headbutt those who attack you in melee.
You have large cloven feet.
Your system is resistant to poisons. (rPois)


Message History

You kick the orc warrior, but do no damage.
You headbutt the orc warrior, but do no damage.
The orc warrior is heavily wounded.
The orc warrior closely misses you.
You thump the orc warrior! You kick the orc warrior.
The orc warrior is almost dead.
The orc warrior hits you but does no damage.
You barely miss the orc warrior.
You kick the orc warrior, but do no damage.
Your headbutt misses the orc warrior.
The orc warrior is almost dead.
The orc warrior hits you with a +0 war axe!
* * * LOW HITPOINT WARNING * * *
You sock the orc warrior!
You kill the orc warrior!
Trog accepts your kill.
Your Maces & Flails skill increases to level 7!
You start resting.
Magic restored.
You start resting.
A hobgoblin is nearby!
A hobgoblin is nearby!
A hobgoblin is nearby!
You are too injured to fight recklessly!
The hobgoblin shouts!
Your skin crawls.
You feel strong-willed.
The electric eel shoots out a bolt of lightning at you!
The bolt of electricity hits you.
* * * LOW HITPOINT WARNING * * *
The electric eel shoots out a bolt of lightning at you!
The bolt of electricity hits you!
* * * LOW HITPOINT WARNING * * *
The bolt of electricity hits you.
* * * LOW HITPOINT WARNING * * *
Things that are here:
a +0 war axe; a +0 plate armour; an orc corpse The electric eel shoots out a bolt of lightning at you!
The bolt of electricity hits you!
You die...

≈≈≈≈≈≈≈.##'#......)....#)#
≈≈≈≈≈≈≈.#..#############..
≈≈≈≈≈≈≈.#..#....'.'..))#..
≈≈≈≈≈≈≈.#.)#....#.#..))#..
≈≈≈≈≈≈≈.#..######.######..
≈≈≈≈≈≈;g#..).....∩.^...'..
≈≈≈≈≈≈#'#########.########
≈≈≈≈≈≈#.)..# #.#
≈≈≈;≈≈#.)@.# +.+
≈≈≈≈≈≈###..# ### ≈≈;≈≈
'..# .∩. ≈≈≈≈ ##### ≈≈≈
≈≈≈


You could see an electric eel and a hobgoblin.

Vanquished Creatures
  2 two-headed ogres (D:9)
  A cyclops (D:6)
  2 kobold demonologists (Bailey)
  Grinder (D:5)
  2 wyverns
  2 steam dragons
  A vampire (D:9)
  An acid dragon (D:9)
  A water moccasin (D:8)
  A sky beast (D:5)
  An ice beast (D:6)
  An ogre (D:4)
  11 orc warriors
  A necrophage (D:5)
  2 centaurs
  3 kobold brigands
  2 gnoll sergeants
  A scorpion (D:4)
  A water moccasin zombie (D:6)
  A wyvern skeleton (D:6)
  A water moccasin skeleton (D:7)
  2 electric eels (Bailey)
  A centaur zombie (D:5)
  A centaur skeleton (D:5)
  3 orc priests
  4 hounds
  4 iguanas
  Ijyb (D:5)
  3 orc wizards
  A killer bee zombie (D:8)
  A hound zombie (D:5)
  Robin (D:2)
  A howler monkey skeleton (D:5)
  A howler monkey zombie (D:5)
  13 gnolls
  3 adders
  2 shadow imps (D:8)
  2 white imps (D:6)
  2 worms
  6 dart slugs
  21 orcs
  10 endoplasms
  4 giant cockroaches
  13 hobgoblins
  4 jackals (D:1)
  20 kobolds
  7 quokkas
  6 ball pythons
  5 bats
  A frilled lizard (D:1)
  26 goblins
  2 rats
210 creatures vanquished.

Vanquished Creatures (others)
  An orc (D:4)
  7 plants (D:2)
8 creatures vanquished.

Grand Total: 218 creatures vanquished

Notes
Turn   | Place    | Note
-------+----------+-------------------------------------------
     0 | D:1      | Squid the Minotaur Berserker began the quest for the Orb.
     0 | D:1      | Reached XP level 1. HP: 19/19 MP: 0/0
    97 | D:1      | Reached XP level 2. HP: 17/27 MP: 1/1
   677 | D:1      | Found a faded altar of an unknown god.
   838 | D:1      | Reached XP level 3. HP: 12/33 MP: 2/2
  1237 | D:2      | Reached ** piety under Trog
  1823 | D:2      | Reached skill level 1 in Throwing
  1839 | D:2      | Noticed Robin
  1855 | D:2      | Killed Robin
  1856 | D:2      | Reached XP level 4. HP: 34/41 MP: 3/3
  2202 | D:2      | Reached skill level 2 in Throwing
  2950 | D:3      | Reached XP level 5. HP: 39/44 MP: 4/4
  3363 | D:3      | Reached *** piety under Trog
  3896 | D:4      | Reached skill level 3 in Throwing
  4191 | D:4      | Noticed an ogre
  4200 | D:4      | Killed an ogre
  4201 | D:4      | Reached XP level 6. HP: 46/53 MP: 5/5
  4209 | D:4      | Reached skill level 4 in Throwing
  4823 | D:5      | Entered Level 5 of the Dungeon
  4866 | D:5      | Found a stormy altar of Qazlal.
  4870 | D:5      | Noticed Grinder
  4884 | D:5      | Killed Grinder
  4885 | D:5      | Reached skill level 5 in Maces & Flails
  4885 | D:5      | Reached skill level 5 in Throwing
  4885 | D:5      | Reached XP level 7. HP: 60/60 MP: 6/6
  4932 | D:5      | Reached skill level 5 in Armour
  4963 | D:5      | Reached skill level 6 in Throwing
  5013 | D:5      | Noticed Ijyb
  5017 | D:5      | Killed Ijyb
  5189 | D:5      | Reached XP level 8. HP: 67/67 MP: 7/7
  5304 | D:5      | Reached skill level 5 in Fighting
  5398 | D:5      | Reached skill level 7 in Throwing
  5701 | D:5      | Reached **** piety under Trog
  5845 | D:6      | Found a staircase to the Ecumenical Temple.
  5946 | D:6      | Found a shadowy altar of Dithmenos.
  6024 | D:6      | Noticed a cyclops
  6027 | D:6      | Killed a cyclops
  6028 | D:6      | Reached skill level 8 in Throwing
  6164 | D:6      | Reached XP level 9. HP: 74/74 MP: 8/8
  6166 | D:6      | Found a bloodstained altar of Trog.
  6260 | D:6      | Reached skill level 9 in Throwing
  7202 | D:7      | Found a hazy altar of Hepliaklqana.
  7715 | D:8      | Reached skill level 10 in Throwing
  7932 | D:8      | Gained mutation: Your system is resistant to poisons.
                  | (rPois) [potion of mutation]
  7932 | D:8      | Gained mutation: You have large cloven feet. [potion of
                  | mutation]
  8261 | D:8      | Found an ancient bone altar of Kikubaaqudgha.
  8265 | D:8      | Found a staircase to the Lair.
  8730 | D:9      | Reached skill level 11 in Throwing
  8790 | D:9      | Noticed a two-headed ogre
  8799 | D:9      | Killed a two-headed ogre
  8800 | D:9      | Reached XP level 10. HP: 75/81 MP: 9/9
  9202 | D:9      | Found a flagged portal.
  9207 | D:9      | Noticed a two-headed ogre
  9213 | D:9      | Killed a two-headed ogre
  9214 | D:9      | Reached skill level 12 in Throwing
  9218 | Bailey   | Entered a bailey
  9557 | Bailey   | Found an iron altar of Okawaru.
  9643 | Bailey   | Identified the +1 short sword of the Revolution {drain, rN+
                  | Will+}
  9732 | Bailey   | Killed from afar by an electric eel

Illustrated notes

Levels and vault maps discovered:
D:1:      roderic_octagonal_star, layout_basic,
          hellmonk_ecumenical_altar_run_dry, minmay_pentomino_p2
D:2:      layout_basic, dk_noncrumbling_2, serial_bayou_crossing, uniq_robin
D:3:      layout_rooms
D:4:      layout_basic, kennysheep_windowed_goal
D:5:      minmay_skewed_foursquare, layout_gridville,
          nicolae_qazlal_general_emergency, uniq_ijyb, uniq_grinder
D:6:      minmay_general_purpose_star, layout_basic,
          nicolae_dithmenos_the_darkroom, pf_just_have_faith,
          minmay_temple_entry_stoned_glass
D:7:      layout_loops_ring, worldfamousw_hep_ancestral_shrine, chequers_avenue
D:8:      layout_basic, lemuel_tele_altar, lair_entry_dummy,
          minmay_parallelograms
D:9:      layout_loops_ring, enter_bailey_2, kennysheep_cross_room,
          st_stairs_11, item_on_display_a
Bailey:   bailey_axe_of_yendor_kennysheep, bailey

Skill      XL: |  1  2  3  4  5  6  7  8  9 10 |
---------------+-------------------------------+-----
Maces & Flails | 4 5 6 7 |  7.0
Fighting       | 4 5 |  5.9
Throwing       | 1 2 3 5 6 8 11 12 | 12.6
Armour         | 3 4 5 6 7 8 |  8.7
Dodging        | 3 |  3.0

Action                   |  1- 3 |  4- 6 |  7- 9 | 10-12 || total
-------------------------+-------+-------+-------+-------++-------
Melee: Mace              |    52 |    47 |    20 |    77 ||   196
       Headbutt          |     8 |     5 |     3 |     8 ||    24
       Kick              |       |       |       |    23 ||    23
Throw: Stone             |   135 |   181 |       |       ||   316
       Javelin           |       |    19 |   102 |     3 ||   124
       Boomerang         |       |       |    84 |     9 ||    93
Invok: Berserk           |     2 |     3 |     1 |     3 ||     9
       Trog's Hand       |     1 |     2 |       |     4 ||     7
  Use: Scroll            |     3 |     6 |     5 |     1 ||    15
       Potion            |       |       |    10 |       ||    10
Armor: Animal skin       |    16 |       |       |       ||    16
       Ring mail         |    18 |    43 |       |       ||    61
       Plate armour      |       |     1 |    47 |    35 ||    83
Dodge: Dodged            |    82 |    83 |    20 |    43 ||   228

Table legend: (Time is in decaauts)
 A = Elapsed time spent in this place.
 B = Non-inter-level travel time spent in this place.
 C = Inter-level travel time spent in this place.
 D = Time resting spent in this place.
 E = Time spent auto-exploring this place.
 F = Levels seen in this place.
 G = Mean time per level.
                   A        B        C        D        E       F      G
               +--------+--------+--------+--------+--------+-----+--------+
         Total |   9856 |   9571 |    285 |   1009 |   6826 |  10 |  985.6 |
       Dungeon |   9297 |   9012 |    285 |    665 |   6826 |   9 | 1033.0 |
        Bailey |    558 |    558 |      0 |    343 |      0 |   1 |  558.0 |
               +--------+--------+--------+--------+--------+-----+--------+

Top non-repeatable levels by time:
     D:2: 1441 daAuts
     D:3: 1225 daAuts
     D:1: 1210 daAuts
     D:5: 1039 daAuts
     D:4: 1015 daAuts
     D:8: 966 daAuts
     D:7: 962 daAuts
     D:6: 899 daAuts
  Bailey: 558 daAuts
     D:9: 536 daAuts
